 Dungeon Crawl Stone Soup version 0.29.1-2-gbd0b4ee654 (webtiles) character file.

Game seed: 7401664849469523380

188 GorkyZ the Shield-Bearer (level 6, -2/48 HPs)
             Began as a Formicid Fighter on Nov 14, 2022.
             Slain by a gnoll
             ... wielding a +0 halberd
              (3 damage)
             ... on level 2 of the Dungeon.
             The game lasted 00:09:20 (2843 turns).

GorkyZ the Shield-Bearer (Formicid Fighter)         Turns: 2843, Time: 00:09:22

Health: -2/48      AC: 11    Str: 22    XL:     6   Next: 0%
Magic:  6/6        EV:  7    Int:  8    God:
Gold:   77         SH:  9    Dex: 13    Spells: 5/5 levels left

rFire   + . .      SeeInvis +   a - +0 rapier
rCold   + . .      Faith    .   h - +0 kite shield
rNeg    . . .      Spirit   .   l - +0 chain mail
rPois   .          Reflect  .   (helmet unavailable)
rElec   .          Harm     .   t - scarf {rC+ rF+}
rCorr   .          Rampage  .   g - +1 pair of gloves
Will    .....                   (no boots)
Stlth   ..........              (no amulet)
HPRegen 0.16/turn               o - ring of see invisible
MPRegen 0.10/turn               (no ring)

@: no status effects
A: permanent stasis, dig shafts and tunnels, antennae 3, four strong arms
a: Dig, Shaft Self


You were on level 2 of the Dungeon.
You visited 1 branch of the dungeon, and saw 3 of its levels.

You collected 77 gold pieces.

Inventory:

Hand Weapons
 a - a +0 rapier (weapon)
Armour
 b - a +0 scale mail
 c - a +0 buckler
 g - a +1 pair of gloves (worn)
 h - a +0 kite shield (worn)
 l - a +0 chain mail (worn)
 t - a scarf of resistance (worn)
Jewellery
 o - a ring of see invisible (left hand)
 q - a ring of protection from cold
Scrolls
 e - a scroll of blinking {unknown}
 f - 3 scrolls of identify {unknown}
 j - a scroll of amnesia {unknown}
 m - a scroll of vulnerability {unknown}
 r - a scroll of magic mapping {unknown}
Potions
 d - a potion of might
 i - a potion of magic {unknown}
 k - 2 potions of curing {unknown}
 n - a potion of brilliance {unknown}
 p - a potion of lignification {unknown}
 s - a potion of flight {unknown}


   Skills:
 + Level 3.6 Fighting
 * Level 4.0(4.3) Short Blades
 * Level 2.2(3.4) Long Blades
 + Level 3.7 Armour
 * Level 1.1 Dodging
 + Level 0.1 Stealth
 + Level 4.3 Shields


You had 5 spell levels left.
You didn't know any spells.
Your spell library contained the following spells:

 Spells                   Type           Power      Damage    Failure   Level
 Magic Dart               Conj           0%         1d3       100%        1
 Necrotise                Necr           0%         1d4       100%        1
 Searing Ray              Conj           0%         2d4       100%        2
 Vampiric Draining        Necr           0%         2d6       100%        3
 Fulminant Prism          Conj/Hex       0%         3d6       100%        4
 Agony                    Necr           0%         N/A       100%        5


Dungeon Overview and Level Annotations

Branches:
Dungeon (3/15)

Altars:


Innate Abilities, Weirdness & Mutations

You cannot be hasted, slowed, berserked, paralysed or teleported.
You can dig through walls and to a lower floor.
You have a pair of large antennae on your head. (SInv)
Your four strong arms can wield two-handed weapons with a shield.


Message History

The gnoll is severely wounded.
The gnoll hits you but does no damage.
You hit the gnoll but do no damage.
The gnoll is severely wounded.
The gnoll barely misses you. The gnoll attacks as you move away!
The gnoll hits you but does no damage.
You hit the gnoll.
The gnoll is almost dead.
You block the gnoll's attack.
You hit the gnoll.
You kill the gnoll!
The gnoll barely misses you.
Your Short Blades skill increases to level 4!
You hit the gnoll.
The gnoll is severely wounded.
You block the gnoll's attack.
You hit the gnoll.
The gnoll is almost dead.
You block the gnoll's attack.
You hit the gnoll.
You kill the gnoll!
You have reached level 6!
You hit the gnoll but do no damage. You block the gnoll's attack. x2
You hit the gnoll.
The gnoll is heavily wounded.
The gnoll hits you with a +0 club.
* * * LOW HITPOINT WARNING * * *
The gnoll hits you but does no damage.
You hit the gnoll but do no damage.
The gnoll is heavily wounded.
The gnoll hits you but does no damage.
The gnoll hits you from afar with a +0 halberd.
* * * LOW HITPOINT WARNING * * *
You hit the gnoll.
The gnoll is almost dead.
The gnoll hits you with a +0 club.
* * * LOW HITPOINT WARNING * * *
You block the gnoll's attack. x2
The gnoll hits you from afar with a +0 halberd.
You die...

#.#
#........##...<.......#
#.#
#....)...##.......###.#
#.# #........##.......#
#.# #.#
#........########## #.#
#.# #........# #.###
#.# #(.......# #....
#.# ########g# #####
#.# #g#
#.#############@#
#...............#
#.############### #.#
###


You could see 2 gnolls.

Vanquished Creatures
  Natasha (thrice) (D:2)
  5 gnolls (D:2)
  2 adders (D:2)
  2 worms (D:2)
  A dart slug (D:1)
  5 endoplasms
  2 giant cockroaches
  3 hobgoblins
  6 kobolds
  A quokka (D:1)
  5 ball pythons
  2 bats (D:1)
  2 goblins
  6 rats
45 creatures vanquished.

Notes
Turn   | Place    | Note
-------+----------+-------------------------------------------
     0 | D:1      | GorkyZ the Formicid Fighter began the quest for the Orb.
     0 | D:1      | Reached XP level 1. HP: 18/18 MP: 1/1
   389 | D:1      | Reached XP level 2. HP: 20/24 MP: 2/2
   791 | D:1      | Reached XP level 3. HP: 24/29 MP: 3/3
   991 | D:2      | Reached skill level 1 in Long Blades
  1278 | D:2      | Noticed Natasha
  1295 | D:2      | Killed Natasha
  1296 | D:2      | Reached XP level 4. HP: 25/35 MP: 4/4
  1779 | D:2      | Found a faded altar of an unknown god.
  1787 | D:2      | Noticed Natasha
  1803 | D:2      | Killed Natasha
  1804 | D:2      | Reached XP level 5. HP: 29/41 MP: 5/5
  1872 | D:2      | Reached skill level 1 in Dodging
  1914 | D:2      | Noticed Natasha
  2268 | D:2      | Killed Natasha
  2840 | D:2      | Reached XP level 6. HP: 13/48 MP: 6/6
  2843 | D:2      | HP: 1/48 [gnoll/+0 club (4)]
  2843 | D:2      | Slain by a gnoll

Illustrated notes

Levels and vault maps discovered:
D:1:      dpeg_arrival_shrine, layout_loops_ring
D:2:      layout_basic, shapermc_ecumenical_altar_pompeii, uniq_natasha
D:3:      layout_rooms, serial_forest, infiniplex_forest_lined_room_2,
          infiniplex_forest_straight_4, infiniplex_forest_lined_room_2,
          infiniplex_forest_lined_3, infiniplex_forest_end_3,
          infiniplex_forest_corner_1, infiniplex_forest_end_1, uniq_robin,
          uniq_sigmund

Skill      XL: |  1  2  3  4  5 |
---------------+----------------+-----
Long Blades    | 1 2 |  2.2
Short Blades   | 3 4 |  4.0
Dodging        | 1 |  1.1
Fighting       | |  3.6
Armour         | |  3.7
Stealth        | |  0.1
Shields        | |  4.3

Action                   |  1- 3 |  4- 6 || total
-------------------------+-------+-------++-------
Melee: Rapier            |   119 |   118 ||   237
Armor: Scale mail        |    44 |       ||    44
       Chain mail        |    13 |    65 ||    78
Dodge: Dodged            |    42 |    31 ||    73
Block: Buckler           |    10 |       ||    10
       Kite shield       |    23 |    66 ||    89
